Map: Protocole central

Players

Luga - Winner!

  • Race: Zerg Zerg
  • League: Diamond

Worming

  • Race: Zerg Zerg
  • League: Diamond

VOD

Have the link to the VOD?

Description

Time

  • Played on: Nov. 14, 2015, 2:19 p.m.
  • Length: 8:09
Show
View Real Time Build Order
Export as new Build Order

Luga Zerg - Winner!

Build Orders: Pool First, Zergling Baneling 

Get SALT Encoding   

  12  0:01  Drone  
  13  0:10  Drone  
  13  0:13  Extractor  
  13  0:17  Drone  
  14  0:33  Spawning Pool  
  13  0:36  Drone  
  14  0:45  Overlord  
  14  1:03  Drone x3  
  17  1:20  Metabolic Boost  
  17  1:22  Queen  
  19  1:27  Zergling x2  
  19  1:30  Zergling x2  
  21  1:37  Zergling x2  
  22  1:47  Overlord  
  22  2:05  Zergling x2  
  24  2:08  Zergling x2  
  24  2:16  Baneling Nest  
  24  2:20  Zergling x2  
  24  2:31  Zergling x6  
  27  2:48  Zergling x2  
  27  3:01  Baneling x5  
  26  3:07  Zergling x8  
  29  3:24  Zergling x4  
  25  3:43  Zergling x2  
  25  3:44  Zergling x2  
  25  4:01  Baneling x2  
  25  4:02  Zergling x2  
  25  4:07  Overlord  
  22  4:18  Zergling x2  
  21  4:34  Zergling x6  
  21  4:35  Baneling x2  
  24  4:39  Zergling x4, Hatchery  
  25  4:48  Lair  
  25  4:49  Zergling x2  
  24  5:04  Baneling x4  
  24  5:05  Zergling x2  
  25  5:10  Overlord  
  25  5:11  Zergling x4  
  25  5:13  Baneling  
  27  5:16  Overlord  
  22  5:48  Zergling x10  
  25  5:52  Queen, Zergling x2  
  28  6:00  Zergling x2  
  26  6:15  Zergling x6  
  26  6:17  Baneling x2  
  26  6:18  Baneling x2  
  29  6:19  Zergling x2  
  29  6:25  Zergling x6  
  26  6:58  Zergling x12  
  26  7:00  Zergling x4  
  33  7:12  Zergling x2  
  33  7:13  Zergling x4  
  34  7:26  Baneling  
  34  7:27  Baneling x3, Zergling x2  
  35  7:30  Baneling x3  
  31  7:37  Zergling x2  
Show
View Real Time Build Order
Export as new Build Order

Worming Zerg 

Build Orders: Pool First, Zergling Baneling 

Get SALT Encoding   

  12  0:00  Drone  
  13  0:08  Drone  
  14  0:17  Extractor  
  14  0:19  Drone  
  14  0:33  Spawning Pool  
  13  0:37  Drone  
  14  0:46  Overlord  
  14  0:56  Drone, Extractor  
  15  1:12  Drone  
  16  1:19  Metabolic Boost  
  16  1:21  Zergling x4  
  16  1:24  Zergling x2  
  19  1:32  Queen  
  21  1:40  Overlord  
  21  1:52  Drone  
  22  2:00  Baneling Nest  
  21  2:06  Zergling x4  
  23  2:12  Queen  
  25  2:24  Zergling x2  
  25  2:41  Zergling x4  
  27  2:52  Baneling x2  
  25  3:13  Zergling x4  
  25  3:14  Zergling x2  
  25  3:22  Hatchery  
  25  3:24  Zergling x2  
  21  3:49  Zergling x6  
  23  4:01  Zergling x2  
  23  4:02  Zergling x2  
  25  4:03  Baneling x2  
  22  4:21  Spine Crawler  
  20  4:27  Drone x4  
  24  4:34  Evolution Chamber  
  24  4:35  Evolution Chamber  
  22  4:39  Baneling x4  
  22  4:42  Zergling x6  
  25  4:54  Spine Crawler  
  21  5:08  Overlord  
  21  5:10  Zerg Melee Weapons Level 1  
  21  5:20  Zerg Ground Armor Level 1  
  13  5:46  Zergling x6  
  13  5:47  Zergling x2  
  13  6:07  Drone x3  
  16  6:13  Baneling x2  
  16  6:20  Baneling  
  11  7:02  Zergling x2  
  11  7:03  Zergling x12  
  12  7:24  Baneling x3  
  10  7:38  Drone x2  
  12  7:51  Zergling x2  
Tags
 
Add a new tag
Caveats
  • Supply blocks, unpowered buildings, or Contaminate may cause inaccurate times.
  • Supply counts are checked every 10 seconds.